 Dungeon Crawl Stone Soup version 0.31.0-11-ge490571c62 (webtiles) character file.

Game seed: 7338966044831701870

197 Killerpretzel the Changeling (level 5, -3/35 HPs)
             Began as an Octopode Shapeshifter on Feb 8, 2024.
             Slain by an orc priest
             ... wielding a +0 dagger
              (5 damage)
             ... on level 4 of the Dungeon.
             The game lasted 00:04:47 (1893 turns).

Killerpretzel the Changeling (OpSh)                 Turns: 1893, Time: 00:04:48

Health: -3/35      AC:  1    Str: 13    XL:     5   Next: 75%
Magic:  5/5        EV: 14    Int: 18    God:
Gold:   238        SH:  0    Dex: 14    Spells: 4/4 levels left

rFire   . . .        l - +0 dagger (flame)
rCold   . . .        (no shield)
rNeg    . . .        (helmet currently unavailable)
rPois   .            (no amulet)
rElec   .            i - +6 ring of intelligence
rCorr   .            (no ring)
SInv    .            (no ring)
Will    .....        (no ring)
Stlth   ++           (no ring)
HPRegen 0.25/turn    (no ring)
MPRegen 0.09/turn    (no ring)
                     (no ring)

%: no passive effects
@: beast-form
A: beast (slay +2), almost no armour, amphibious, 8 rings, camouflage 1,
gelatinous body 1, (nimble swimmer 1), tentacles
a: Begin Untransformation


You were on level 4 of the Dungeon.
You were a hulking beast.
You visited 1 branch of the dungeon, and saw 4 of its levels.

You collected 238 gold pieces.

Inventory:

Hand Weapons
 g - a +0 spear
 l - a +0 dagger of flaming (weapon)
Jewellery
 i - a +6 ring of intelligence (left tentacle)
Talismans
 b - a beast talisman
 c - a flux talisman
Wands
 e - a wand of flame (17)
 k - a wand of digging (8)
Potions
 a - a potion of lignification
 d - 3 potions of might {unknown}
 f - 3 potions of attraction {unknown}
 h - a potion of curing {unknown}
 j - a potion of resistance {unknown}


   Skills:
 + Level 2.4 Fighting
 + Level 3.1 Dodging
 + Level 3.8 Unarmed Combat
 * Level 4.3 Shapeshifting


You had 4 spell levels left.
You didn't know any spells.
Your spell library contained the following spells:

 Spells                   Type           Power      Damage    Failure   Level
 Summon Blazeheart Golem  Fire/Summ      0%         N/A       91%         4
 Spellforged Servitor     Conj/Summ      0%         N/A       100%        7


Dungeon Overview and Level Annotations

Branches:
Dungeon (4/15)
 Temple: D:4-7

Altars:

Annotations:
D:4 Grinder


Innate Abilities, Weirdness & Mutations

You are a hulking beast.
Your limbs bulge with bestial killing power. (Slay +2)
You cannot wear most types of armour.
You are amphibious.
You can wear up to eight rings at the same time.
Your skin changes colour to match your surroundings (Stealth+).
Your rubbery body absorbs attacks. (AC +1, EV +1)
((You are camouflaged when in or above water. (Stealth+)))
You have tentacles for arms and can constrict up to eight enemies at once.


Message History

You hit the orc priest. You burn the orc priest. You squeeze the orc priest.
The orc priest is severely wounded.
You constrict the orc priest.
You kill the orc priest!
You closely miss the orc. Your grab misses the orc. You squeeze the orc!
You kill the orc!
Natasha claws you.
* * * LOW HITPOINT WARNING * * *
You closely miss Natasha. You grab Natasha. Your squeeze misses Natasha.
You constrict Natasha. Natasha barely misses you.
You hit Natasha. You burn Natasha.
You tentacle-slap Natasha, but do no damage.
You squeeze Natasha.
Natasha is almost dead.
You constrict Natasha, but do no damage.
Natasha closely misses you.
The orc priest calls upon Beogh to heal the orc wizard.
The orc wizard's wounds heal themselves!
You hit Natasha. You burn Natasha.
You kill Natasha!
Natasha screams in pain as she dies!
Your Dodging skill increases to level 3!
You hit the orc wizard. You burn the orc wizard. You grab the orc wizard.
The orc wizard is heavily wounded.
You constrict the orc wizard, but do no damage.
The orc wizard hits you with a +0 dagger.
* * * LOW HITPOINT WARNING * * *
You barely miss the orc wizard. You squeeze the orc wizard!
The orc wizard is almost dead.
You constrict the orc wizard.
You kill the orc wizard!
You hit the orc priest but do no damage.
Your grab misses the orc priest. You squeeze the orc priest.
The orc priest is lightly wounded.
The orc priest closely misses you.
You barely miss the orc priest. You grab the orc priest.
The orc priest is lightly wounded.
You constrict the orc priest, but do no damage.
The orc priest hits you with a +0 dagger.
You die...

#..# ##.## # #..#
.# . .
#######.###.# ..
.. ............#
... ...
########..### ....
.### #......#..##
.....
#......##..#......
#.....ooh.........
#.....#######.....
#..... .#.. #.....
.. #....o . #.....
#..... #.....


You could see an orc priest and an orc.

Vanquished Creatures
  An orc priest (D:4)
  Jessica (D:3)
  An orc wizard (D:4)
  Natasha (D:4)
  3 adders (D:2)
  3 ribbon worms
  2 orcs
  2 bats (D:1)
  5 endoplasms
  7 giant cockroaches
  7 goblins
  3 hobgoblins
  6 jackals (D:1)
  2 quokkas
  2 ball pythons (D:1)
  3 frilled lizards
  2 kobolds
  7 rats
58 creatures vanquished.

Notes
Turn   | Place    | Note
-------+----------+-------------------------------------------
     0 | D:1      | Killerpretzel the Octopode Shapeshifter began the quest for
                  | the Orb.
     0 | D:1      | Reached XP level 1. HP: 13/13 MP: 1/1
    65 | D:1      | Reached XP level 2. HP: 9/18 MP: 2/2
   328 | D:1      | Reached XP level 3. HP: 23/23 MP: 3/3
  1041 | D:2      | Reached XP level 4. HP: 20/29 MP: 4/4
  1225 | D:2      | Got the Omnibus of the Entourage
  1715 | D:3      | Noticed Jessica
  1720 | D:3      | Killed Jessica
  1721 | D:3      | Reached skill level 4 in Shapeshifting
  1721 | D:3      | Reached XP level 5. HP: 25/34 MP: 5/5
  1805 | D:3      | You fall into a shaft and drop 1 floor!
  1814 | D:4      | Noticed Grinder
  1876 | D:4      | Noticed Natasha
  1889 | D:4      | Killed Natasha
  1890 | D:4      | HP: 1/35 [orc wizard/+0 dagger (4)]
  1893 | D:4      | Slain by an orc priest

Illustrated notes

Levels and vault maps discovered:
D:1:      minmay_arrival_cross, layout_loops_ring
D:2:      layout_rooms, minmay_misc_feat_cross, kennysheep_doodads,
          minmay_diced_spiral
D:3:      layout_basic, uniq_jessica
D:4:      layout_basic, mainiacjoe_overflow_alcove_4, uniq_grinder, uniq_natasha

Skill      XL: |  1  2  3  4  5 |
---------------+----------------+-----
Fighting       | 2 |  2.4
Shapeshifting  | 4 |  4.3
Dodging        | 3 |  3.1
Unarmed Combat | |  3.8

Action                     |  1- 3 |  4- 6 || total
---------------------------+-------+-------++-------
  Melee: Unarmed           |    49 |       ||    49
         Constrict         |    11 |    14 ||    25
         Tentacles         |     7 |     9 ||    16
         Punch             |     2 |     1 ||     3
         Spear             |    12 |    30 ||    42
         Dagger            |       |    21 ||    21
    Use: Scroll            |     1 |     3 ||     4
   Stab: Sleeping          |     5 |     4 ||     9
         Distracted        |     1 |       ||     1
 Armour: Skin              |    24 |    19 ||    43
  Dodge: Dodged            |    32 |    21 ||    53
